 Dungeon Crawl Stone Soup version 0.24.0-7-gb3623d2c88 (webtiles) character file.

Game seed: 4270132578960915832, levelgen mode: deterministic

1556 inmateoo the Fighter (level 8, 0/45 HPs)
             Began as a Vine Stalker Assassin on Nov 2, 2019.
             Was a Believer of Hepliaklqana.
             Slain by a big kobold (3 damage)
             ... on level 7 of the Dungeon.
             The game lasted 00:07:21 (4803 turns).

inmateoo the Fighter (Vine Stalker Assassin)        Turns: 4803, Time: 00:07:22

Health: 0/45       AC:  9    Str: 15    XL:     8   Next: 88%
Magic:  0/9        EV: 11    Int: 11    God:    Hepliaklqana [**....]
Gold:   363        SH:  0    Dex: 17    Spells: 7/7 levels left

rFire    . . .     SeeInvis .   r - +1 dagger (venom)
rCold    . . .     Gourm    .   (no shield)
rNeg     . . .     Faith    .   j - +0 leather armour {rPois}
rPois    +         Spirit   +   c - +2 helmet
rElec    .         Reflect  .   x - scarf {repulsion}
rCorr    .         Harm     .   o - +1 pair of gloves
MR       +....                  K - +0 pair of boots
Stlth    ++++......             (no amulet)
HPRegen  0.55/turn              F - ring of stealth
MPRegen  0.11/turn              (no ring)

@: slowed, repel missiles, very slow
A: reduced essence, fangs 3, regeneration 1, magic shield, antimagic bite, no
potion heal 3, rot immunity
a: Recall Ancestor, Ancestor Identity, Renounce Religion


You were on level 7 of the Dungeon.
You worshipped Hepliaklqana.
Hepliaklqana was pleased with you.
You were not hungry.

You visited 1 branch of the dungeon, and saw 7 of its levels.

You collected 363 gold pieces.

Inventory:

Hand Weapons
 r - a +1 dagger of venom (weapon)
Missiles
 d - 21 poisoned darts (quivered)
 e - 2 curare-tipped darts
 D - 8 atropa-tipped darts
Armour
 c - a +2 helmet (worn)
 i - a +0 plate armour
 j - a +0 leather armour of poison resistance (worn)
 k - a cursed +0 shield
 o - a +1 pair of gloves (worn)
 x - a scarf of repulsion (worn)
 K - a +0 pair of boots (worn)
Jewellery
 g - an uncursed ring of ice
 z - an uncursed ring of ice
 F - a ring of stealth (left hand)
Wands
 a - a wand of iceblast (6)
 q - a wand of disintegration (16)
 u - a wand of random effects (29)
 J - a wand of enslavement (7)
 L - a wand of clouds (5)
Scrolls
 H - a scroll of remove curse
 M - a scroll of amnesia
Potions
 b - 2 potions of heal wounds
 h - 3 potions of brilliance
 l - 3 potions of might
 m - 2 potions of haste
 p - a potion of berserk rage
 t - a potion of ambrosia
 v - a potion of mutation {unknown}
 w - 2 potions of lignification {unknown}
 A - a potion of agility {unknown}
 B - 4 potions of curing {unknown}
 C - a potion of flight
Comestibles
 f - 14 rations
 N - 3 chunks of flesh


   Skills:
 - Level 10.0 Fighting
 - Level 1.7 Short Blades
 - Level 1.7 Throwing
 + Level 0.3 Armour
 - Level 0.7 Dodging
 - Level 4.8 Stealth
 + Level 0.5 Invocations


You had 7 spell levels left.
You didn't know any spells.
Your spell library was empty.

Dungeon Overview and Level Annotations

Branches:
Dungeon (7/15)             Temple (0/1) D:4

Altars:
Elyvilon
Hepliaklqana
Kikubaaqudgha
The Shining One

Shops:
D:5 *

Annotations:
D:2 roguesci's ghost, amateur TrMo


Innate Abilities, Weirdness & Mutations

You have razor-sharp teeth.
Your natural rate of healing is unusually fast.
When hurt, damage is shared between your health and your magic reserves.
Your bite disrupts and absorbs the magic of your enemies.
Potions cannot restore your health.
You are immune to rotting.
Your life essence is reduced to manifest your ancestor. (-10% HP)


Message History

The orc hits you but does no damage. The big kobold barely misses you.
The orc warrior hits Akhenaten with a +0 trident!!
Akhenaten is destroyed!
Unknown command.
You barely miss the big kobold.
The big kobold is moderately wounded.
The orc closely misses you. The big kobold barely misses you.
The orc hits you but does no damage. The big kobold closely misses you.
Unknown command.
The orc warrior closely misses you. The orc hits you but does no damage.
Unknown command.
Unknown command.
You barely miss the orc warrior.
The orc warrior is almost dead.
The orc warrior hits you with a +0 trident!
The orc barely misses you. The big kobold hits you. The orc barely misses you.
The orc warrior hits you with a +0 trident!
* * * LOW HITPOINT WARNING * * *
The big kobold hits you.
You die...

,,,,,,......[.a..o.....,,,..##..P
,,,,,,........oK.K....#*,,...#P..
*,,,,,,#......K.r....<#.,.......P
,,,,,,*#.......oo.......,#.......
**,,****#.##..§R.........#..#....
**** ***#.)####..#.......####.
###..)..#.##....##.###..
#[..†.o...#........#....
##..†)o@..#........#....
##>..K........#......##
#...........#.##...###
##.#........#.#..###
####.....#.......#
#..#####......# #### ##..##.##
#....### ##.###


You could see an orc warrior, a big kobold and an orc.

Vanquished Creatures
  Edmund (D:4)
  An ice beast (D:6)
  A black bear (D:3)
  A bullfrog (D:3)
  2 crimson imps (D:5)
  A hound (D:6)
  A jelly (D:6)
  Crazy Yiuf (D:3)
  2 orc priests
  An iguana (D:4)
  Ijyb (D:4)
  2 orc wizards (D:6)
  2 worker ants
  3 gnolls
  8 adders
  2 shadow imps
  4 worms
  An adder skeleton (D:7)
  A dart slug (D:1)
  5 leopard geckos
  16 orcs
  2 ball pythons (D:1)
  6 bats
  8 giant cockroaches
  13 goblins
  8 hobgoblins
  9 jackals
  12 kobolds
  2 quokkas
  5 frilled lizards
  A leopard gecko skeleton (D:6)
  5 rats
128 creatures vanquished.

Vanquished Creatures (collateral kills)
  An ice beast (D:5)
  A sky beast (D:4)
  An ogre (D:6)
  A centaur (D:6)
  A bullfrog (D:7)
  A hound (D:7)
  An iguana (D:6)
  An orc wizard (D:7)
  A worker ant (D:7)
  A hound skeleton (D:4)
  A gnoll (D:6)
  A worker ant zombie (D:5)
  Robin (D:4)
  2 adders
  A leopard gecko (D:3)
  2 orcs (D:6)
  4 goblins
  4 hobgoblins
  A jackal (D:6)
  A quokka (D:7)
  3 bats
  A frilled lizard (D:5)
  A jackal skeleton (D:4)
  4 kobolds (D:7)
37 creatures vanquished.

Vanquished Creatures (others)
  A knight (D:7)
  An ancestor (D:3)
2 creatures vanquished.

Grand Total: 167 creatures vanquished

Notes
Turn   | Place    | Note
-------+----------+-------------------------------------------
     0 | D:1      | inmateoo the Vine Stalker Assassin began the quest for the
                  | Orb.
     0 | D:1      | Reached XP level 1. HP: 11/11 MP: 2/2
    21 | D:1      | Reached skill level 2 in Fighting
    83 | D:1      | Reached XP level 2. HP: 13/16 MP: 3/3
   243 | D:1      | Reached skill level 3 in Fighting
   255 | D:1      | Reached XP level 3. HP: 9/20 MP: 4/4
   928 | D:2      | Gained mutation: Your natural rate of healing is unusually
                  | fast. [Vine Stalker growth]
   928 | D:2      | Reached XP level 4. HP: 25/25 MP: 5/5
   983 | D:2      | Found a white marble altar of Elyvilon.
  1026 | D:2      | Reached skill level 4 in Fighting
  1174 | D:2      | Found a hazy altar of Hepliaklqana.
  1212 | D:2      | Became a worshipper of Hepliaklqana the Forgotten
  1685 | D:3      | Reached XP level 5. HP: 27/27 MP: 6/6
  1754 | D:3      | Found a faded altar of an unknown god.
  1803 | D:3      | Noticed a black bear
  1807 | D:3      | Killed a black bear
  1807 | D:3      | Reached skill level 5 in Fighting
  1935 | D:3      | Reached XP level 6. HP: 29/32 MP: 7/7
  2019 | D:3      | Found a glowing golden altar of the Shining One.
  2045 | D:3      | Found a runed translucent door.
  2046 | D:3      | Noticed Crazy Yiuf
  2077 | D:3      | Found a runed translucent door.
  2081 | D:3      | Noticed roguesci's ghost (amateur TrMo)
  2452 | D:3      | Killed Crazy Yiuf
  2594 | D:3      | Reached skill level 6 in Fighting
  2607 | D:2      | HP: 1/33 [roguesci's ghost (14)]
  2852 | D:4      | Reached * piety under Hepliaklqana
  2880 | D:4      | Noticed Robin
  2911 | D:4      | Killed Robin
  2953 | D:4      | Found a staircase to the Ecumenical Temple.
  2955 | D:4      | Noticed Edmund
  2955 | D:4      | Noticed a sky beast
  2956 | D:4      | Noticed Ijyb
  2971 | D:4      | Killed Edmund
  2971 | D:4      | Reached skill level 7 in Fighting
  2971 | D:4      | Reached XP level 7. HP: 29/37 MP: 4/8
  2987 | D:4      | Killed Ijyb
  3293 | D:5      | Entered Level 5 of the Dungeon
  3589 | D:5      | Found Moniblint's General Store.
  3606 | D:5      | Reached skill level 8 in Fighting
  3825 | D:5      | Gained mutation: You have razor-sharp teeth. [Vine Stalker
                  | growth]
  3825 | D:5      | Reached XP level 8. HP: 17/43 MP: 7/9
  3902 | D:6      | Reached ** piety under Hepliaklqana
  3914 | D:6      | Remembered your ancestor Akhenaten as a knight
  4082 | D:6      | Reached skill level 9 in Fighting
  4712 | D:7      | Found an ancient bone altar of Kikubaaqudgha.
  4750 | D:7      | Identified a scroll of acquirement
  4791 | D:7      | Reached skill level 10 in Fighting
  4803 | D:7      | Slain by a big kobold

Levels and vault maps discovered:
D:1:      evilmike_arrival_crescent, layout_basic
D:2:      layout_basic, nicolae_overflow_crystal_walls,
          nicolae_overflow_hidden_temple
D:3:      layout_loops_ring, tso_oasis_becter, first_ration,
          chequers_ecumenical_altar_twisty, ebering_ghost_sewer_d,
          uniq_crazy_yiuf_cottage
D:4:      layout_gridville, minmay_temple_entry_large_hall, kennysheep_dice,
          uniq_ijyb, uniq_edmund, uniq_robin
D:5:      layout_layer_cave, serial_shops, shop_statue, st_stairs_6
D:6:      layout_cave_pools
D:7:      layout_cave_pools, kiku_gazebo_garden_becter

Skill      XL: |  1  2  3  4  5  6  7  8 |
---------------+-------------------------+-----
Fighting       | 2 3 4 5 7 8 10 | 10.0
Short Blades   | |  1.7
Throwing       | |  1.7
Armour         | |  0.3
Dodging        | |  0.7
Stealth        | |  4.8
Invocations    | |  0.5

Action                   |  1- 3 |  4- 6 |  7- 9 || total
-------------------------+-------+-------+-------++-------
Melee: Dagger            |    83 |   160 |   170 ||   413
       Bite              |    21 |    53 |    66 ||   140
Throw: Dart              |     1 |     2 |     1 ||     4
Invok: Recall Ancestor   |       |       |     1 ||     1
       Ancestor Life: Kn |       |       |     1 ||     1
  Use: Scroll            |       |       |    16 ||    16
 Stab: Sleeping          |     9 |    15 |    13 ||    37
       Distracted        |     1 |       |       ||     1
  Eat: Chunk             |       |     4 |     5 ||     9
       Ration            |       |     1 |       ||     1
Armor: Robe              |     2 |       |       ||     2
       Leather armour    |    13 |    53 |    72 ||   138
Dodge: Dodged            |    48 |    74 |   112 ||   234
